 Dungeon Crawl Stone Soup version 0.22-a0-425-g89d60a1 (webtiles) character file.

672 KristoblXynda the Chopper (level 7, -6/54 HPs)
             Began as a Deep Dwarf Fighter on May 24, 2018.
             Mangled by an ogre
             ... wielding a +0 giant club
              (18 damage)
             ... on level 4 of the Dungeon.
             The game lasted 00:07:25 (2677 turns).

KristoblXynda the Chopper (Deep Dwarf Fighter)      Turns: 2677, Time: 00:07:26

Health: -6/54      AC: 11    Str: 20    XL:     7   Next: 32%
Magic:  16/16      EV:  5    Int: 10    God:
Gold:   224        SH: 10    Dex: 14    Spells: 6/6 levels left

rFire    . . .     SeeInvis .   a - +0 war axe
rCold    . . .     Gourm    .   c - +0 shield
rNeg     . . .     Faith    .   m - +0 chain mail
rPois    .         Spirit   .   (no helmet)
rElec    .         Reflect  .   (no cloak)
rCorr    .         Harm     .   h - +0 pair of gloves
MR       +....                  (no boots)
Stlth    ..........             (no amulet)
HPRegen  0.00/turn              e - ring of magical power
MPRegen  0.15/turn              (no ring)

@: non-regenerating
A: damage resistance, heal wounds, talons 1, agile 1, frail 1, sense
surroundings 1, no regeneration
a: Heal Wounds


You were on level 4 of the Dungeon.
You were not hungry.

You visited 1 branch of the dungeon, and saw 4 of its levels.

You collected 224 gold pieces.

Inventory:

Hand Weapons
 a - a +0 war axe (weapon)
Armour
 c - a +0 shield (worn)
 h - a +0 pair of gloves (worn)
 m - a +0 chain mail (worn)
Jewellery
 e - a ring of magical power (left hand)
Wands
 s - a wand of paralysis (7)
Scrolls
 g - a scroll of fear {unknown}
 i - a scroll of magic mapping {unknown}
 k - a scroll of enchant armour {unknown}
 n - a scroll of remove curse
 o - a scroll of immolation
 q - a scroll of teleportation
Potions
 b - a potion of agility
 d - a potion of might
 j - a potion of cancellation {unknown}
 p - 2 potions of brilliance
Comestibles
 f - 10 rations


   Skills:
 - Level 2.6 Fighting
 * Level 6.6 Axes
 + Level 5.4 Armour
 + Level 5.4 Shields


You had 6 spell levels left.
You didn't know any spells.
Your spell library contained the following spells:

 Spells                   Type           Power        Failure   Level  Hunger
 Summon Small Mammal      Summ           #...         100%        1    ##.....
 Summon Ice Beast         Ice/Summ       #.......     100%        4    #####..
 Call Imp                 Summ           #.......     100%        2    ###....
 Call Canine Familiar     Summ           #.......     100%        3    ####...
 Summon Lightning Spire   Summ/Air       #.......     100%        4    #####..
 Summon Guardian Golem    Hex/Summ       #.......     100%        3    ####...


Dungeon Overview and Level Annotations

Branches:
Dungeon (4/15)
 Temple: D:4-7

Altars:


Innate Abilities, Weirdness & Mutations

You are resistant to damage.
You can heal yourself by infusing magical energy.
You passively map a small area around you.
You do not regenerate.
You have sharp toenails.
You are agile. (Dex +2)
You are frail. (-10% HP)


Message History

You kill the worm!
You see here a worm corpse.
You open the door.
There is an open door here.
An ogre comes into view. It is wielding a giant club.
The ogre shouts!
An ogre is nearby!
An ogre is nearby!
An ogre is nearby!
Found an escape hatch in the ceiling.
An ogre is nearby!
Evoke which item? (* to show all) (? for menu, Esc to quit)
Aiming: Paralyse
Press: ? - help, Shift-Dir - straight line, f - ogre
Aim: an ogre, wielding a giant club (chance to defeat MR: 46%)
The ogre resists with some effort.
You slash the ogre!
The ogre is heavily wounded.
The ogre hits you with a giant club!!
You die...

, * #...# ######
######...# #<...#
#........( , #....#
#......... , #....#
#......... #....#
#......... *######....#
#......... * , .......O..#
#......... #..@..#
#......### , , , #.....#
#......# ,
####.....#####......###
+............+......+..
,####.#########......###
,..####'###### ######....
*,
.............#########..##
*
##...................#...)
+...................#...#


You could see an ogre.

Vanquished Creatures
  The ghost of Veiltonx the Magician, a novice GnWz of Ashenzari (D:4)
  An ogre (D:4)
  An orc priest (D:2)
  3 worker ants (D:4)
  Terence (D:3)
  An orc wizard (D:3)
  4 adders
  4 oozes
  2 adder skeletons
  3 worms
  3 leopard geckos (D:1)
  15 orcs
  4 giant cockroaches
  7 goblins
  6 hobgoblins
  6 jackals
  3 quokkas
  2 ball pythons
  6 bats
  5 frilled lizards
  4 kobolds
  11 rats
93 creatures vanquished.

Notes
Turn   | Place    | Note
-------+----------+-------------------------------------------
     0 | D:1      | KristoblXynda the Deep Dwarf Fighter began the quest for the Orb.
     0 | D:1      | Reached XP level 1. HP: 20/20 MP: 1/1
    54 | D:1      | Reached XP level 2. HP: 25/27 MP: 2/2
   223 | D:1      | Reached skill level 3 in Axes
   319 | D:1      | Reached XP level 3. HP: 31/33 MP: 3/3
   610 | D:2      | Reached skill level 4 in Axes
   610 | D:2      | Reached XP level 4. HP: 18/40 MP: 4/4
  1589 | D:3      | Reached XP level 5. HP: 40/46 MP: 5/5
  1674 | D:3      | HP: 2/46 [worm (5)]
  1698 | D:3      | Gained mutation: You have sharp toenails. [potion of mutation]
  1698 | D:3      | Gained mutation: You are frail. (-10% HP) [potion of mutation]
  1698 | D:3      | Gained mutation: You are agile. (Dex +2) [potion of mutation]
  2007 | D:3      | Noticed Terence
  2021 | D:3      | Killed Terence
  2200 | D:4      | Reached skill level 5 in Axes
  2244 | D:4      | Noticed an ogre
  2259 | D:4      | Reached XP level 6. HP: 44/49 MP: 6/6
  2413 | D:4      | Noticed Veiltonx's ghost (novice GnWz)
  2457 | D:4      | Killed Veiltonx's ghost
  2457 | D:4      | Reached skill level 6 in Axes
  2457 | D:4      | Reached skill level 5 in Armour
  2457 | D:4      | Reached skill level 5 in Shields
  2457 | D:4      | Reached XP level 7. HP: 15/54 MP: 7/7
  2677 | D:4      | Mangled by an ogre

Vault maps used:
D:1:      onia_arrival_handbag
D:2:      cheibrodos_pilgrimage
D:3:      uniq_terence
D:4:      uniq_pikel

Skill      XL: |  1  2  3  4  5  6 |
---------------+-------------------+-----
Axes           | 3 4 5 6 |  6.6
Armour         | 4 5 |  5.4
Shields        | 4 5 |  5.4
Fighting       | |  2.6

Action                   |  1- 3 |  4- 6 |  7- 9 || total
-------------------------+-------+-------+-------++-------
Melee: War axe           |   122 |   163 |    13 ||   298
       Kick              |       |    17 |     7 ||    24
Evoke: Wand              |       |     5 |     1 ||     6
  Use: Potion            |       |     8 |       ||     8
       Scroll            |       |     4 |       ||     4
  Eat: Ration            |       |     1 |     1 ||     2
       Chunk             |       |     2 |       ||     2
Armor: Scale mail        |    30 |       |       ||    30
       Ring mail         |    21 |    33 |       ||    54
       Chain mail        |       |    27 |     1 ||    28
       Skin              |       |    22 |       ||    22
Dodge: Dodged            |    39 |    46 |     2 ||    87
Block: Shield            |    86 |    92 |     6 ||   184

Table legend:
 A = Spawn XP
 B = Non-spawn XP
 C = Spawn XP percentage of total XP
 D = Spawn monster count
 E = Non-spawn monster count
 F = Spawn count percentage of total count
 G = Total turns spent on level
                    A         B        C        D         E        F      G
               +---------+---------+-------+---------+---------+-------+---------
         Total |       0 |     960 |   0.0 |       0 |      93 |   0.0 |  2677
               +---------+---------+-------+---------+---------+-------+---------
           D:1 |       0 |      55 |   0.0 |       0 |      27 |   0.0 |   461
           D:2 |       0 |     125 |   0.0 |       0 |      26 |   0.0 |  1095
           D:3 |       0 |     144 |   0.0 |       0 |      27 |   0.0 |   632
           D:4 |       0 |     636 |   0.0 |       0 |      13 |   0.0 |   489
               +---------+---------+-------+---------+---------+-------+---------
